 Dungeon Crawl Stone Soup version 0.30-b1-5-g8e6c1be481 (webtiles) character file.

Game seed: 13919011324589130416

50906 MacCMillion the Severer (level 14, -5/129 HPs)
             Began as a Minotaur Fighter on May 4, 2023.
             Was the Champion of Nemelex Xobeh.
             Slain by a tengu warrior
             ... wielding a +0 bardiche
              (6 damage)
             ... on level 13 of the Dungeon.
             The game lasted 00:47:49 (18378 turns).

MacCMillion the Severer (Minotaur Fighter)         Turns: 18378, Time: 00:47:50

Health: -5/129     AC: 19    Str: 32    XL:     14   Next: 21%
Magic:  20/20      EV:  8    Int:  5    God:    Nemelex Xobeh [******]
Gold:   1545       SH: 13    Dex: 16    Spells: 13/13 levels left

rFire   . . .        L - +5 war axe
rCold   . . .        i - +0 kite shield of the Eternal Fruit {Dex+6}
rNeg    . . .        E - +0 plate armour
rPois   +            c - +0 hat {Will+}
rElec   .            q - +0 cloak
rCorr   .            (no gloves)
SInv    .            s - +0 pair of boots
Will    ++...        R - amulet of regeneration Stlth
                     M - ring of poison resistance
HPRegen 1.21/turn    N - +6 ring of strength
MPRegen 0.17/turn

%: no passive effects
@: no status effects
A: horns 2, retaliatory headbutt
a: Renounce Religion, Draw Escape, Draw Destruction, Draw Summoning, Triple
Draw, Deal Four, Stack Five


You were on level 13 of the Dungeon.
You worshipped Nemelex Xobeh.
Nemelex Xobeh was exalted by your worship.
You visited 3 branches of the dungeon, and saw 19 of its levels.
You also visited: Bailey, Gauntlet and Volcano.

You collected 2013 gold pieces.
You spent 468 gold pieces at shops.

Inventory:

Hand Weapons
 L - a +5 war axe (weapon)
 Y - a +2 war axe of flaming
Missiles
 b - 24 boomerangs
 e - 6 javelins
 m - 44 poisoned darts (quivered)
 V - 5 curare-tipped darts
 W - 5 silver boomerangs
Armour
 c - a +0 hat of willpower (worn)
 i - the +0 kite shield of the Eternal Fruit (worn) {Dex+6}
   (You acquired it in a bailey)

   Dex:       It affects your dexterity (+6).
 q - a +0 cloak (worn)
 s - a +0 pair of boots (worn)
 E - a +0 plate armour (worn)
Jewellery
 J - a +4 ring of protection
 M - a ring of poison resistance (left hand)
 N - a +6 ring of strength (right hand)
 O - a ring of flight
 R - an amulet of regeneration (around neck)
Wands
 a - a wand of polymorph (7)
 f - a wand of charming (4)
 x - a wand of acid (2)
 I - a wand of flame (62)
 U - a wand of roots (15)
Scrolls
 g - 7 scrolls of enchant weapon
 l - 4 scrolls of amnesia
 p - a scroll of butterflies
 r - 3 scrolls of vulnerability
 v - 6 scrolls of poison
 y - 4 scrolls of blinking
 z - 3 scrolls of torment
 A - 2 scrolls of magic mapping
 B - a scroll of enchant armour
 C - 2 scrolls of fear
 G - a scroll of silence
 H - 3 scrolls of fog
 P - 10 scrolls of teleportation
 T - a scroll of brand weapon
 X - a scroll of noise
 Z - 2 scrolls of immolation
Potions
 d - 6 potions of might
 h - 2 potions of flight
 j - 3 potions of attraction
 k - 6 potions of lignification
 n - 3 potions of cancellation
 o - 4 potions of brilliance
 t - 3 potions of mutation
 u - 2 potions of invisibility {unknown}
 w - 14 potions of curing
 D - 5 potions of heal wounds
 F - 4 potions of haste {unknown}
 K - 2 potions of ambrosia {unknown}
 Q - a potion of experience
 S - a potion of magic {unknown}


   Skills:
 + Level 13.4 Fighting
 - Level 16.0 Axes
 - Level 5.0 Throwing
 + Level 12.9 Armour
 + Level 12.9 Shields
 + Level 10.3 Invocations


You had 13 spell levels left.
You didn't know any spells.
Your spell library contained the following spells:

 Spells                   Type           Power      Damage    Failure   Level
 Dazzling Flash           Conj/Hex       0%         N/A       100%        3
 Stone Arrow              Conj/Erth      0%         3d7       100%        3
 Animate Armour           Summ/Erth      0%         N/A       100%        4
 Cause Fear               Hex            0%         N/A       100%        4
 Agony                    Necr           0%         N/A       100%        5
 Silence                  Hex/Air        0%         N/A       100%        5
 Dragon Form              Tmut           0%         N/A       100%        7
 Lehudib's Crystal Spear  Conj/Erth      0%         10d2      100%        8
 Dragon's Call            Summ           0%         N/A       100%        9


Dungeon Overview and Level Annotations

Branches:
Dungeon (13/15)            Temple (1/1) D:7            Lair (5/5) D:10
 Shoals (0/4) Lair:2        Snake (0/4) Lair:2        Slime (0/5) Lair:5
    Orc (0/2) D:12         Bailey (visited)         Volcano (visited)
Gauntlet (visited)
 Vaults: D:13-14

Altars:
Ashenzari
Cheibriados
Dithmenos
Elyvilon
Fedhas
Gozag
Hepliaklqana
Kikubaaqudgha
Makhleb
Nemelex Xobeh
Okawaru
Qazlal
Ru
Sif Muna
Trog
Uskayaw
Vehumet
Wu Jian
Xom
Yredelemnul
Zin
The Shining One

Shops:
D:1 :   D:2 (   D:3 *   D:4 =   D:5 !   D:6 !   D:9 =((*

Annotations:
D:3 exclusion: statue
Lair:1 3 runed translucent doors, jehirs's ghost, journeyman MiBe


Innate Abilities, Weirdness & Mutations

You have a pair of horns on your head.
You reflexively headbutt those who attack you in melee.


Message History

Your +4 executioner's axe "Jogoz" {venom, rF+} completely misses the tengu conjurer.
Your +4 executioner's axe "Jogoz" {venom, rF+} hits the tengu warrior!!
The tengu warrior dies!
Your +4 executioner's axe "Jogoz" {venom, rF+} closely misses the tengu warrior.
Your +4 executioner's axe "Jogoz" {venom, rF+} hits the battlesphere!!
The battlesphere is destroyed!
You miss the tengu conjurer.
Your headbutt misses the tengu conjurer.
The tengu conjurer is heavily wounded.
The tengu conjurer hits you. You block the tengu conjurer's attack.
The tengu conjurer claws you but does no damage.
The tengu warrior shoots a bolt.
The bolt barely misses your +4 executioner's axe "Jogoz" {venom, rF+}.
The bolt hits you!
* * * LOW HITPOINT WARNING * * *
You hit the tengu conjurer.
The tengu conjurer is severely wounded.
The tengu conjurer blocks your +4 executioner's axe "Jogoz" {venom, rF+}'s attack.
Your +4 executioner's axe "Jogoz" {venom, rF+} hits the tengu warrior!!
The tengu warrior is poisoned.
The tengu conjurer mumbles some strange words.
The tengu conjurer conjures a globe of magical energy!
A battlesphere comes into view.
You hit the tengu conjurer.
Your headbutt misses the tengu conjurer.
The tengu conjurer is severely wounded.
You slice the battlesphere!!
You destroy the battlesphere!
The tengu warrior shoots a bolt.
The bolt hits your +4 executioner's axe "Jogoz" {venom, rF+}!!!
Your +4 executioner's axe "Jogoz" {venom, rF+} is destroyed!
Your +4 executioner's axe "Jogoz" {venom, rF+} disappears in a puff of smoke!
The tengu conjurer casts a spell at you.
The bolt of lightning hits you!!
* * * LOW HITPOINT WARNING * * *
The tengu warrior unwields a +0 arbalest.
The tengu warrior wields a +0 bardiche.
The tengu warrior hits you with a +0 bardiche.
You die...
Your body glows with a rainbow of weird colours and disappears.

##.##
##.......#
#.#
##.....##
...
##...##
##.# ##'##
#.# #.#
####.####
#....○..#
#.#...#.#
#.?.@Q..#
#$#)Q.#.#
#.##.##.#
. #.. $ #.
..# ## ###


You could see a tengu warrior (very poisoned) and a tengu conjurer.

Vanquished Creatures
  Gastronok (Lair:2)
  A dire elephant (Lair:5)
  A red draconian (Volcano)
  Snorg (D:11)
  A hydra (Lair:3)
  2 boulder beetles (D:12)
  A centaur warrior (Volcano)
  A catoblepas (Lair:5)
  A death yak (Lair:5)
  3 two-headed ogres
  Nergalle (Lair:2)
  Sonja (Lair:3)
  2 skysharks
  A lindwurm (Lair:5)
  2 deep elf pyromancers (D:12)
  A manticore (Lair:5)
  Joseph (D:10)
  Maurice (D:11)
  2 black mambas (Lair:5)
  A torpor snail (Lair:5)
  A gargoyle (D:12)
  11 cane toads
  A kobold demonologist (D:11)
  An unseen horror (D:10)
  5 komodo dragons
  6 rime drakes
  3 yaktaurs (Volcano)
  4 trolls
  2 polar bears
  10 blink frogs
  A dream sheep (Lair:5)
  6 spriggans (Lair:3)
  2 vampires
  6 wyverns
  5 shadows
  2 wraiths
  3 basilisks
  2 steam dragons
  39 yaks
  Grum (D:10)
  2 acid dragons
  6 nagas (Lair:2)
  A hell hound (Lair:4)
  7 water moccasins
  A sky beast (D:6)
  A black bear (D:5)
  2 ice beasts (D:6)
  7 orc warriors
  2 ogres
  13 wolves
  16 centaurs
  5 kobold brigands
  12 bullfrogs
  6 scorpions
  2 gnoll sergeants
  12 wights
  10 killer bees
  4 howler monkeys
  3 vampire bats (D:8)
  3 hounds
  A jelly (D:7)
  5 orc priests
  2 sleepcaps
  Terence (D:3)
  2 hell rats (Lair:4)
  2 iguanas
  6 orc wizards
  13 gnolls
  6 adders
  A white imp (D:6)
  2 ufetubi (D:6)
  4 dart slugs
  39 orcs
  8 ball pythons
  4 bat skeletons (D:8)
  2 bat zombies (D:8)
  12 endoplasms
  4 giant cockroaches
  10 goblins
  10 hobgoblins
  11 jackals
  A quokka (D:1)
  4 bats
  2 frilled lizards
  33 kobolds
  5 rats
442 creatures vanquished.

Vanquished Creatures (collateral kills)
  An orc warlord (Bailey)
  A two-headed ogre (D:10)
  A tengu warrior (D:13)
  5 death yaks (Lair:5)
  2 orc knights (Bailey)
  2 manticores
  A rime drake (Lair:4)
  4 wyverns (Lair:4)
  2 yaks (D:10)
  A basilisk (Lair:4)
  2 hell rats (Lair:4)
  An orc (Bailey)
  A hobgoblin (Bailey)
  A goblin (Bailey)
  A kobold (Bailey)
26 creatures vanquished.

Vanquished Creatures (others)
  A gnoll (D:8)
  10 fungi
  22 plants
33 creatures vanquished.

Grand Total: 501 creatures vanquished

Notes
Turn   | Place    | Note
-------+----------+-------------------------------------------
     0 | D:1      | MacCMillion the Minotaur Fighter began the quest for the
                  | Orb.
     0 | D:1      | Reached XP level 1. HP: 19/19 MP: 0/0
    14 | D:1      | Noticed a demonspawn zombie
    14 | D:1      | Noticed a merfolk zombie
    84 | D:1      | Reached XP level 2. HP: 21/26 MP: 1/1
   150 | D:1      | Reached skill level 3 in Axes
   210 | D:1      | Found Usaetar's Book Emporium.
   494 | D:1      | Reached XP level 3. HP: 31/31 MP: 2/2
   574 | D:2      | Reached skill level 4 in Axes
   708 | D:2      | Found Kili's Weapon Shoppe.
  1098 | D:2      | Reached XP level 4. HP: 39/39 MP: 3/3
  1102 | D:2      | Reached skill level 5 in Axes
  1136 | D:2      | Identified the +5 dagger of Intimidation {drain, rElec
                  | Will+ rCorr Dex-5}
  1336 | D:3      | Found a radiant altar of Vehumet.
  1336 | D:3      | Noticed a charred statue
  1521 | D:3      | Found Cevaanar's General Store.
  1530 | D:3      | Bought a scroll of blinking for 90 gold pieces
  1553 | D:3      | Noticed Terence
  1566 | D:3      | Killed Terence
  1830 | D:3      | Found a broken altar of Ashenzari.
  1838 | D:3      | Reached skill level 6 in Axes
  1910 | D:3      | Reached XP level 5. HP: 37/45 MP: 4/4
  2122 | D:4      | Found Dah Lyd's Jewellery Shop.
  2267 | D:4      | Reached skill level 7 in Axes
  2383 | D:4      | Reached XP level 6. HP: 51/51 MP: 5/5
  2562 | D:4      | Reached skill level 8 in Axes
  2823 | D:5      | Entered Level 5 of the Dungeon
  2884 | D:5      | Found Tiwu's Distillery.
  2890 | D:5      | Bought a potion of heal wounds for 65 gold pieces
  2968 | D:5      | Reached XP level 7. HP: 48/57 MP: 6/6
  3059 | D:5      | Reached skill level 9 in Axes
  3169 | D:5      | Found an opulent altar of Gozag.
  3170 | D:5      | Found a sparkling altar of Nemelex Xobeh.
  3177 | D:5      | Became a worshipper of Nemelex Xobeh the Trickster
  3400 | D:5      | Reached skill level 5 in Armour
  3722 | D:5      | Identified the +2 ring mail "Pothou" {Dex+4}
  4152 | D:6      | Found a white marble altar of Elyvilon.
  4384 | D:6      | Reached skill level 10 in Axes
  4455 | D:6      | Reached XP level 8. HP: 64/64 MP: 7/7
  4601 | D:6      | Reached skill level 11 in Axes
  4635 | D:6      | Reached * piety under Nemelex Xobeh
  4808 | D:6      | Found Koet's Distillery.
  4817 | D:6      | Bought a potion of curing for 39 gold pieces
  5125 | D:6      | Reached skill level 12 in Axes
  5570 | D:7      | Found a staircase to the Ecumenical Temple.
  5579 | Temple   | Entered the Ecumenical Temple
  5841 | D:7      | Found a hazy altar of Hepliaklqana.
  5850 | D:7      | Found an iron altar of Okawaru.
  5904 | D:7      | Found a shadowy altar of Dithmenos.
  5968 | D:7      | Found an ornate altar of the Wu Jian Council.
  6022 | D:7      | Reached skill level 13 in Axes
  6123 | D:7      | Reached XP level 9. HP: 66/70 MP: 8/8
  6340 | D:7      | Found a glowing silver altar of Zin.
  6354 | D:7      | Received a gift from Nemelex Xobeh
  6520 | D:7      | Reached skill level 1 in Invocations
  6887 | D:8      | Reached skill level 14 in Axes
  7071 | D:8      | Reached ** piety under Nemelex Xobeh
  7096 | D:8      | Found an ancient bone altar of Kikubaaqudgha.
  7142 | D:8      | Reached skill level 5 in Fighting
  7693 | D:9      | Found Esheruho's Weapon Shoppe.
  7828 | D:9      | Reached XP level 10. HP: 64/81 MP: 12/12
  7836 | D:9      | Reached skill level 5 in Invocations
  7949 | D:9      | Found Tilyhel's Weapon Boutique.
  7983 | D:9      | Received a gift from Nemelex Xobeh
  8061 | D:9      | Found Imekk's Jewellery Shop.
  8268 | D:9      | Noticed a two-headed ogre
  8388 | D:9      | Found Opowk's General Store.
  8588 | D:9      | Killed a two-headed ogre
  8600 | D:9      | Found a glowing golden altar of the Shining One.
  8681 | D:10     | Entered Level 10 of the Dungeon
  8681 | D:10     | Reached *** piety under Nemelex Xobeh
  8707 | D:10     | Noticed a two-headed ogre
  8713 | D:10     | Killed a two-headed ogre
  8714 | D:10     | Reached skill level 15 in Axes
  8951 | D:10     | Found a flagged portal.
  8970 | Bailey   | Entered a bailey
  8984 | Bailey   | Noticed an orc warlord
  9040 | Bailey   | Found a runed translucent gate.
  9041 | Bailey   | Found a runed translucent gate.
  9043 | Bailey   | Found a runed translucent gate.
  9046 | Bailey   | Noticed an orc knight
  9059 | Bailey   | Killed an orc knight
  9064 | Bailey   | Noticed an orc knight
  9067 | Bailey   | Killed an orc knight
  9068 | Bailey   | Reached XP level 11. HP: 95/95 MP: 13/13
  9085 | Bailey   | Killed an orc warlord
  9275 | Bailey   | Identified a scroll of acquirement
  9276 | Bailey   | Acquired the +0 kite shield of the Eternal Fruit {Dex+6}
  9368 | D:10     | Found a staircase to the Lair.
  9495 | D:10     | Noticed Grum
  9510 | D:10     | Killed Grum
  9656 | D:10     | Noticed Joseph
  9666 | D:10     | Killed Joseph
  9731 | D:10     | Reached skill level 10 in Armour
  9896 | D:10     | Reached skill level 16 in Axes
 10005 | D:10     | Noticed a two-headed ogre
 10020 | D:10     | Identified the -1 quarterstaff "Byd Tog" {freeze, rElec
                  | rPois MP+9 Stlth-}
 10025 | D:10     | Killed a two-headed ogre
 10030 | D:10     | Reached skill level 10 in Fighting
 10175 | D:10     | Received a gift from Nemelex Xobeh
 10204 | D:10     | Noticed a two-headed ogre
 10215 | D:10     | Killed a two-headed ogre
 10243 | D:10     | Found a basalt altar of Yredelemnul.
 10422 | D:11     | Reached skill level 5 in Shields
 10467 | D:11     | Reached **** piety under Nemelex Xobeh
 10758 | D:11     | Found a gate leading to a gauntlet.
 10765 | Gauntlet | Entered a Gauntlet
 10765 | Gauntlet | Found a transporter.
 10765 | Gauntlet | Found a transporter.
 10765 | Gauntlet | Found a transporter.
 10775 | Gauntlet | Found a transporter.
 10778 | Gauntlet | Found a transporter.
 10786 | Gauntlet | Found a transporter.
 10789 | Gauntlet | Found a transporter.
 10802 | Gauntlet | Noticed a necromancer
 10805 | Gauntlet | Found a transporter.
 10805 | Gauntlet | Noticed a death yak
 10806 | Gauntlet | Noticed a death yak
 10806 | Gauntlet | Noticed a death yak
 10806 | Gauntlet | Noticed a death yak
 10814 | Gauntlet | Found the amulet of Vitality {RegenMP++ Regen++}
 10815 | Gauntlet | Found a transporter.
 10821 | Gauntlet | Found a transporter.
 10823 | Gauntlet | Found a transporter.
 10833 | Gauntlet | Found a transporter.
 11105 | D:11     | Identified the +8 chain mail "Onol Mah" {Dex+4}
 11503 | D:11     | Noticed Snorg
 11509 | D:11     | Noticed Maurice
 11511 | D:11     | Killed Snorg
 11512 | D:11     | Reached XP level 12. HP: 108/108 MP: 16/16
 11528 | D:11     | Killed Maurice
 11623 | Lair:1   | Entered Level 1 of the Lair of Beasts
 11748 | D:9      | Bought a +2 war axe of flaming for 274 gold pieces
 11830 | Lair:1   | Found a runed translucent gate.
 11842 | Lair:1   | Received a gift from Nemelex Xobeh
 11921 | Lair:1   | Reached skill level 1 in Throwing
 12129 | Lair:1   | Found a runed translucent gate.
 12129 | Lair:1   | Found a runed translucent gate.
 12131 | Lair:1   | Noticed jehirs's ghost (journeyman MiBe)
 12135 | Lair:1   | Noticed a minotaur
 12149 | Lair:1   | Received a gift from Nemelex Xobeh
 12725 | Lair:2   | Identified the +1 long sword of Mynisies {holy, rElec}
 12794 | Lair:2   | Found a staircase to the Shoals.
 12795 | Lair:2   | Reached ***** piety under Nemelex Xobeh
 12929 | Lair:2   | Reached skill level 10 in Shields
 12968 | Lair:2   | Reached skill level 5 in Throwing
 13062 | Lair:2   | Noticed Nergalle
 13077 | Lair:2   | Killed Nergalle
 13217 | Lair:2   | Found a staircase to the Snake Pit.
 13237 | Lair:2   | Noticed Gastronok
 13248 | Lair:2   | Killed Gastronok
 13715 | Lair:3   | Received a gift from Nemelex Xobeh
 13932 | Lair:3   | Received a gift from Nemelex Xobeh
 13953 | Lair:3   | Reached XP level 13. HP: 116/116 MP: 18/18
 14388 | Lair:3   | Noticed Sonja
 14390 | Lair:3   | Killed Sonja
 14487 | Lair:4   | Received a gift from Nemelex Xobeh
 14662 | Lair:4   | Noticed a blizzard demon
 14722 | Lair:4   | Received a gift from Nemelex Xobeh
 15397 | Lair:5   | Entered Level 5 of the Lair of Beasts
 15531 | Lair:5   | HP: 1/118 [death yak (18)]
 15631 | Lair:5   | Received a gift from Nemelex Xobeh
 15743 | Lair:5   | Found a dark tunnel.
 15752 | Volcano  | Entered a volcano
 15774 | Volcano  | Found a bloodstained altar of Trog.
 15775 | Volcano  | Noticed a red draconian
 15830 | Volcano  | Killed a red draconian
 16107 | Lair:5   | Received a gift from Nemelex Xobeh
 16744 | Lair:5   | Noticed a dire elephant
 16769 | Lair:5   | Killed a dire elephant
 16779 | Lair:5   | Reached XP level 14. HP: 94/129 MP: 20/20
 16811 | Lair:5   | Reached skill level 10 in Invocations
 16989 | Lair:5   | Reached ****** piety under Nemelex Xobeh
 17015 | Lair:5   | Found a staircase to the Slime Pits.
 17076 | Lair:5   | Received a gift from Nemelex Xobeh
 17643 | D:12     | Found a staircase to the Orcish Mines.
 17711 | D:12     | Found a hide-covered altar of Uskayaw.
 18304 | D:13     | Received a gift from Nemelex Xobeh
 18373 | D:13     | Identified the +4 executioner's axe "Jogoz" {venom, rF+}
 18378 | D:13     | HP: 1/129 [tengu conjurer/bolt of lightning (28)]
 18378 | D:13     | Slain by a tengu warrior

Illustrated notes

Levels and vault maps discovered:
D:1:      shiori_arrival_whats_in_store_for_you, layout_basic, serial_shops,
          shop, serial_glass, glass_columns_a, glass_columns_b
D:2:      layout_rooms, serial_shops, shop
D:3:      layout_loops_ring, vehumet_statue, lemuel_round_altar, serial_shops,
          shop, skrybe_limestone_x, minmay_misc_feat_doors, uniq_terence
D:4:      layout_basic, serial_shops, shop
D:5:      layout_layer_cave, grunt_temple_overflow_opulence, serial_shops, shop
D:6:      layout_basic, mainiacjoe_overflow_catwalk, serial_shops,
          nicolae_shop_hallway_stairs
D:7:      layout_loops_ring, mainiacjoe_overflow_tiny_flanked,
          nicolae_wu_jian_wuxing_cycle,
          nicolae_dithmenos_through_a_glass_darkly, okawaru_metal_pillars_1_2,
          lemuel_tele_altar, minmay_temple_entry_gardened_gates
D:8:      layout_gridville, kennysheep_vampire_church, minmay_strange_pillars
D:9:      layout_loops_ring, tso_oasis_becter, serial_shops, shop,
          nicolae_diamond_shop, nicolae_shop_bloodbath_and_beyond,
          nicolae_shop_back_alley_shop
D:10:     minmay_polygon_palace, layout_irregular_city, kennysheep_little_box,
          david_lair_shrubbed, enter_bailey_4, uniq_grum, uniq_joseph
D:11:     layout_basic, gauntlet_entry_generic, uniq_snorg, uniq_maurice
D:12:     layout_loops_ring, david_orc_5, dancing_weapons_uskayaw
D:13:     layout_loops_corners
Temple:   jpeg_temple_island
Lair:1:   layout_cellular_growth, maelrawn_ghost_gauntlet_escape,
          serial_bayou_shore_a
Lair:2:   layout_cave_shapes, minmay_shoals_entry_centaurs,
          minmay_snake_entry_guardpost_large, serial_rivers,
          chequers_serial_rivers_micro_b, chequers_serial_rivers_room_a,
          chequers_serial_rivers_marsh, chequers_serial_rivers_room_b,
          chequers_serial_rivers_small_b, uniq_gastronok, uniq_nergalle
Lair:3:   layout_loops_ring, chequers_serial_rivers_small_a, wad_woods_01,
          uniq_sonja
Lair:4:   layout_hall_layers, special_room [special_room_mythical_zoo],
          infiniplex_staircase_pool_2
Lair:5:   hangedman_lair_in_review, layout_hall_layers,
          dpeg_slime_entry_enclosed, enter_volcano_1

Skill      XL: |  1  2  3  4  5  6  7  8  9 10 11 12 13 14 |
---------------+-------------------------------------------+-----
Shields        | 4 6 10 12 | 12.9
Axes           | 3 4 6 7 8 10 13 14 15 16 | 16.0
Armour         | 4 5 6 9 10 12 | 12.9
Invocations    | 4 5 7 8 9 10 | 10.3
Fighting       | 5 8 10 11 13 | 13.4
Throwing       | 5 |  5.0

Action                     |  1- 3 |  4- 6 |  7- 9 | 10-12 | 13-15 || total
---------------------------+-------+-------+-------+-------+-------++-------
  Melee: War axe           |    93 |   146 |   214 |   500 |   332 ||  1285
         Headbutt          |     9 |    12 |    39 |    93 |    84 ||   237
         Battleaxe         |       |       |    20 |       |       ||    20
  Throw: Dart              |       |     7 |     6 |       |     8 ||    21
         Boomerang         |       |       |       |     7 |       ||     7
 Invoke: Draw Destruction  |       |       |     2 |     6 |     6 ||    14
         Draw Summoning    |       |       |       |     4 |     5 ||     9
         Draw Escape       |       |       |       |       |     1 ||     1
    Use: Scroll            |       |       |    15 |     8 |     1 ||    24
         Potion            |       |       |       |       |     2 ||     2
   Stab: Petrified         |       |       |       |       |     2 ||     2
         Distracted        |       |       |       |       |     1 ||     1
         Petrifying        |       |       |       |       |     1 ||     1
 Armour: Scale mail        |    44 |       |       |       |       ||    44
         Chain mail        |    11 |    58 |       |       |       ||    69
         Plate armour      |       |     8 |   153 |   197 |   132 ||   490
  Dodge: Dodged            |    38 |    55 |    59 |   110 |    70 ||   332
  Block: Buckler           |    17 |    32 |    44 |    82 |       ||   175
         Kite shield       |       |       |       |    28 |   172 ||   200
